 Dungeon Crawl Stone Soup version 0.29.1-1-gd02db6906a (webtiles) character file.

Game seed: 16427201883263078899

30 MisterFreud the Twirler (level 3, -1/27 HPs)
             Began as a Formicid Gladiator on Oct 1, 2022.
             Slain by a gnoll
             ... wielding a +0 halberd
              (8 damage)
             ... on level 1 of the Dungeon.
             The game lasted 00:01:17 (1057 turns).

MisterFreud the Twirler (Formicid Gladiator)        Turns: 1057, Time: 00:01:18

Health: -1/27      AC:  4    Str: 20    XL:     3   Next: 35%
Magic:  3/3        EV: 12    Int:  7    God:
Gold:   64         SH:  0    Dex: 15    Spells: 2/2 levels left

rFire   . . .      SeeInvis +   a - +0 quarterstaff
rCold   . . .      Faith    .   (no shield)
rNeg    . . .      Spirit   .   b - +1 leather armour
rPois   .          Reflect  .   (helmet unavailable)
rElec   .          Harm     .   (no cloak)
rCorr   .          Rampage  .   (no gloves)
Will    .....                   (no boots)
Stlth   +.........              (no amulet)
HPRegen 0.09/turn               (no ring)
MPRegen 0.08/turn               (no ring)

@: no status effects
A: permanent stasis, dig shafts and tunnels, antennae 3, four strong arms
a: Dig, Shaft Self


You were on level 1 of the Dungeon.
You visited 1 branch of the dungeon, and saw 2 of its levels.

You collected 64 gold pieces.

Inventory:

Hand Weapons
 a - a +0 quarterstaff (weapon)
Missiles
 c - 3 throwing nets (quivered)
Armour
 b - a +1 leather armour (worn)
Potions
 e - a potion of might {unknown}
 f - a potion of heal wounds


   Skills:
 - Level 2.1 Fighting
 + Level 4.2 Staves
 - Level 2.0 Throwing
 - Level 2.6 Dodging


You had 2 spell levels left.
You didn't know any spells.
Your spell library contained the following spells:

 Spells                   Type           Power      Damage    Failure   Level
 Slow                     Hex            0%         N/A       50%         1
 Confusing Touch          Hex            0%         N/A       86%         3
 Vampiric Draining        Necr           0%         2d6       86%         3


Dungeon Overview and Level Annotations

Branches:
Dungeon (2/15)

Altars:


Innate Abilities, Weirdness & Mutations

You cannot be hasted, slowed, berserked, paralysed or teleported.
You can dig through walls and to a lower floor.
You have a pair of large antennae on your head. (SInv)
Your four strong arms can wield two-handed weapons with a shield.


Message History

You kill the kobold!
Found a stone staircase leading down.
No target in view!
You now have 64 gold pieces (gained 6).
There is a stone staircase leading down here.
You sense a monster nearby.
No target in view!
An adder comes into view.
The helpless adder fails to defend itself.
You sock the adder!
You kill the adder!
Found a stone staircase leading down.
e - a clear potion No target in view!
There is a stone staircase leading down here.
There is a stone staircase leading up here.
A gnoll is nearby!
A gnoll is nearby!
A gnoll is nearby!
Throw: javelin
Press: ? - help, Q - select action, (/) - cycle Shift-Dir - straight line, f - gnoll
Aim: a gnoll, wielding a +0 halberd (wandering, hasn't noticed you, 64% to hit)
You throw a javelin. The javelin barely misses the gnoll.
The gnoll shouts!
Unknown command.
Unknown command.
Unknown command.
The gnoll misses you.
There is a stone staircase leading up here.
The gnoll misses you.
There is a stone staircase leading up here.
The gnoll barely misses you.
You climb upwards.
There is a stone staircase leading down here.
You barely miss the gnoll. The gnoll hits you with a +0 halberd!
You closely miss the gnoll. The gnoll hits you with a +0 halberd!
* * * LOW HITPOINT WARNING * * *
You are too injured to fight recklessly!
You closely miss the gnoll. The gnoll hits you with a +0 halberd!
You die...

).######......###.....#.♣~♣♣~~♣♣♣
.....# #......###....##.♣♣~♣♣~~~~
.....# #...#..##.........♣♣~♣♣♣♣♣
.....####..##..#.###..#..#♣♣~~~~~
###..........#.#.#....#....♣♣♣♣∩♣
#..........#.#.#.#.#..#.......♣♣♣
#..........#.#.#.........#.#....#
#...####...#.#..g##.....##_.....#
#...#####.##....@.......#######.#
#...##...........................
#...###################.#######..
#...# #.......# ####.. #####
#.......# #....# #.......# #....#
#......#####....#
######......##........
#.....................


You could see a gnoll.

Vanquished Creatures
  An adder (D:2)
  3 endoplasms
  A giant cockroach (D:1)
  A hobgoblin (D:1)
  2 kobolds
  A quokka (D:1)
  A ball python (D:1)
  4 bats
  3 frilled lizards (D:1)
  2 goblins (D:1)
  2 rats (D:1)
21 creatures vanquished.

Notes
Turn   | Place    | Note
-------+----------+-------------------------------------------
     0 | D:1      | MisterFreud the Formicid Gladiator began the quest for the
                  | Orb.
     0 | D:1      | Reached XP level 1. HP: 16/16 MP: 1/1
    87 | D:1      | Found a faded altar of an unknown god.
   179 | D:1      | Reached XP level 2. HP: 22/22 MP: 2/2
   871 | D:2      | Reached skill level 4 in Staves
   871 | D:2      | Reached XP level 3. HP: 27/27 MP: 3/3
  1057 | D:1      | Slain by a gnoll

Illustrated notes

Levels and vault maps discovered:
D:1:      nagdon_arrival_double_spiral, layout_basic, basic_ecumenical_altar
D:2:      layout_loops_ring, hangedman_decor_clover_reticule, st_stairs_10

Skill      XL: |  1  2 |
---------------+-------+-----
Staves         | 4 |  4.2
Fighting       | |  2.1
Throwing       | |  2.0
Dodging        | |  2.6

Action                   || total
-------------------------++-------
Melee: Quarterstaff      ||    47
Throw: Javelin           ||     1
  Use: Scroll            ||     5
 Stab: Sleeping          ||     2
Armor: Leather armour    ||    10
Dodge: Dodged            ||    40
